 Dungeon Crawl Stone Soup version 0.27.1 (webtiles) character file.

Game seed: 3557954361384796401

40 szrap the Sneak (level 3, 0/20 HPs)
             Began as a Vampire Enchanter on Sept 2, 2021.
             Slain by a shadow imp (2 damage)
             ... summoned by Natasha
             ... on level 2 of the Dungeon.
             The game lasted 00:07:15 (2100 turns).

szrap the Sneak (Vampire Enchanter)                 Turns: 2100, Time: 00:07:16

Health: 0/20       AC:  3    Str:  7    XL:     3   Next: 30%
Magic:  0/6        EV: 11    Int: 17    God:
Gold:   58         SH:  0    Dex: 15    Spells: 3/6 levels left

rFire    . . .     SeeInvis +   a - +1 dagger (freeze)
rCold    + + .     Faith    .   (no shield)
rNeg     + + +     Spirit   .   g - +0 leather armour
rPois    ∞         Reflect  .   (no helmet)
rElec    .         Harm     .   (no cloak)
rCorr    .         Rampage  .   (no gloves)
Will     .....                  (no boots)
Stlth    +++++.....             (no amulet)
HPRegen  0.00/turn              (no ring)
MPRegen  0.10/turn              (no ring)

@: bloodless, inhibited regen
A: bloodless, fangs 3, see invisible, vampiric 2
a: Bat Form, Revivify


You were on level 2 of the Dungeon.
You visited 1 branch of the dungeon, and saw 2 of its levels.

You collected 58 gold pieces.

Inventory:

Hand Weapons
 a - a +1 dagger of freezing (weapon)
 b - a +0 short sword
 i - a +1 short sword of draining
Missiles
 c - 61 stones
Armour
 d - a +0 ring mail
 f - a +0 robe
 g - a +0 leather armour (worn)
Potions
 e - a potion of degeneration {unknown}
 h - a potion of magic {unknown}


   Skills:
 * Level 1.0 Fighting
 * Level 2.0 Short Blades
 - Level 2.1 Dodging
 + Level 5.1 Stealth
 - Level 2.0 Spellcasting
 + Level 5.1 Hexes


You had 3 spell levels left.
You knew the following spells:

 Your Spells              Type           Power      Damage    Failure   Level
a - Corona                Hex            21%        N/A       3%          1
b - Ensorcelled Hibernat  Hex/Ice        20%        N/A       16%         2

Your spell library contained the following spells:

 Spells                   Type           Power      Damage    Failure   Level
 Confusing Touch          Hex            19%        N/A       11%         3
 Tukima's Dance           Hex            19%        N/A       11%         3
 Dazzling Flash           Conj/Hex       20%        N/A       30%         3


Dungeon Overview and Level Annotations

Branches:
Dungeon (2/15)

Altars:
Ru

Annotations:
D:2 Natasha


Innate Abilities, Weirdness & Mutations

You do not regenerate when monsters are visible.
You are frail without blood (-20% HP).
You can heal yourself when you bite living creatures.
You are immune to poison.
You have razor-sharp teeth.
You have supernaturally acute eyesight. (SInv)
You are afflicted with vampirism and can become a bat while bloodless.


Message History

HP restored.
Natasha is nearby!
You start waiting.
Done waiting.
A bat and Natasha come into view.
Natasha drinks a potion.
Natasha seems to speed up.
Casting: Ensorcelled Hibernation (safe; 16% risk of failure)
Confirm with . or Enter, or press ? or * to list all spells.
Aiming: Ensorcelled Hibernation (safe; 16% risk of failure)
Press: ? - help, Shift-Dir - straight line, f - Natasha
Aim: Natasha (fast, chance to affect: 41%) Natasha resists with some effort.
Natasha barely misses you.
Casting: Ensorcelled Hibernation (safe; 16% risk of failure)
Confirm with . or Enter, or press ? or * to list all spells.
Aiming: Ensorcelled Hibernation (safe; 16% risk of failure)
Press: ? - help, Shift-Dir - straight line, f/p - Natasha
Aim: Natasha (fast, chance to affect: 41%) Natasha resists with some effort.
Natasha mumbles some strange words.
Natasha claws you.
Casting: Ensorcelled Hibernation (safe; 16% risk of failure)
Confirm with . or Enter, or press ? or * to list all spells.
Aiming: Ensorcelled Hibernation (safe; 16% risk of failure)
Press: ? - help, Shift-Dir - straight line, f/p - Natasha
Aim: Natasha (fast, chance to affect: 41%) Natasha resists with some effort.
Natasha casts a spell.
The shadow imp lashes its tail.
The shadow imp hits you.
You closely miss Natasha. Natasha closely misses you. Natasha claws you.
You hit Natasha but do no damage. The shadow imp closely misses you.
The shadow imp hits you.
* * * LOW HITPOINT WARNING * * *
Natasha barely misses you.
You hit Natasha. You freeze Natasha. Your bite misses Natasha.
Natasha is lightly wounded.
Natasha claws you.
* * * LOW HITPOINT WARNING * * *
The shadow imp hits you.
You die...

## .## .. #. .
#.#.###### #
#...h....####
l###
###.###.....# ...
#. #h5##.# #.# ..
#@5##.#
<.##.b....hb#
#...#.#
............
#.#.#.# #
#........ #.#.#.#
####.......#
##.....##
..†#..... #
#.......##
##.#...# .#
#.##.##...#
##.#...##.#
#....##>#..####
..........#
#..####.......###


You could see Natasha (fast) and 2 shadow imps.

Vanquished Creatures
  An adder (D:2)
  8 goblins
  4 hobgoblins
  2 quokkas (D:1)
  A ball python (D:2)
  6 bats
  2 frilled lizards (D:1)
  5 kobolds (D:1)
  A rat (D:2)
30 creatures vanquished.

Notes
Turn   | Place    | Note
-------+----------+-------------------------------------------
     0 | D:1      | szrap the Vampire Enchanter began the quest for the Orb.
     0 | D:1      | Reached XP level 1. HP: 13/13 MP: 3/3
   425 | D:1      | Found a faded altar of an unknown god.
   488 | D:1      | Reached XP level 2. HP: 14/20 MP: 5/5
   563 | D:1      | Learned a level 2 spell: Ensorcelled Hibernation
  1095 | D:1      | You fall into a shaft and drop 1 floor!
  1095 | D:2      | Found a sacrificial altar of Ru.
  1254 | D:1      | Reached skill level 5 in Hexes
  1475 | D:2      | Reached skill level 5 in Stealth
  1551 | D:2      | Noticed Natasha
  1627 | D:2      | Gained mutation: You are afflicted with vampirism and can
                  | become a bat while bloodless. [Vampire growth]
  1627 | D:2      | Reached XP level 3. HP: 24/24 MP: 1/6
  1773 | D:2      | Reached skill level 1 in Fighting
  2100 | D:2      | Slain by a shadow imp

Illustrated notes

Levels and vault maps discovered:
D:1:      minmay_arrival_cross, layout_basic, chequers_ecumenical_altar_twisty
D:2:      layout_loops_cross, basic_altar, grunt_decor_junction,
          nrook_mini_backslash, minmay_pentomino_p2, uniq_natasha

Skill      XL: |  1  2  3 |
---------------+----------+-----
Hexes          | 5 |  5.1
Stealth        | 5 |  5.1
Short Blades   | 2 |  2.0
Fighting       | 1 |  1.0
Dodging        | |  2.1
Spellcasting   | |  2.0

Action                   || total
-------------------------++-------
Melee: Dagger            ||   105
       Bite              ||     6
 Cast: Corona            ||     7
       Ensorcelled Hiber ||    20
 Abil: Exsanguinate      ||     1
  Use: Scroll            ||     2
 Stab: Sleeping          ||    14
Armor: Ring mail         ||    19
       Robe              ||     5
       Leather armour    ||     1
Dodge: Dodged            ||    59
